 Dungeon Crawl Stone Soup version 0.20.1-1-g8b1a95d (webtiles) character file.

37 NoNouf the Skirmisher (level 3, -1/33 HPs)
             Began as a Ghoul Monk on Aug 15, 2017.
             Slain by Terence
             ... wielding a +0 flail
              (2 damage)
             ... on level 2 of the Dungeon.
             The game lasted 00:07:07 (1034 turns).

NoNouf the Skirmisher (Ghoul Monk)                  Turns: 1034, Time: 00:07:07

Health: -1/33      AC:  2    Str: 14    XL:     3   Next: 39%
Magic:  2/2        EV: 13    Int:  5    God:
Gold:   33         SH:  0    Dex: 12    Spells: 2/2 levels left

rFire    . . .     SeeInvis .     - Unarmed
rCold    + . .     Gourm    .   (no shield)
rNeg     + + +     Faith    .   a - +0 robe
rPois    ∞         Spirit   .   (no helmet)
rElec    .         Reflect  .   (no cloak)
rCorr    .         Harm     .   (no gloves)
MR       .....                  (no boots)
Stlth    ++........             n - amulet of magic regeneration
Regen    0.0/turn               (no ring)
MPRegen  0.2/turn               (no ring)

@: rotting, hasted, very quick
A: rotting body, claws 1, carnivore 3, cold resistance 1, negative energy
resistance 3, inhibited regeneration, torment resistance, unbreathing
a: no special abilities


You were on level 2 of the Dungeon.
You were not hungry.

You visited 1 branch of the dungeon, and saw 2 of its levels.

You collected 33 gold pieces.

Inventory:

Missiles
 g - 2 throwing nets (quivered)
Armour
 a - a +0 robe (worn)
 h - a +0 ring mail
Jewellery
 n - an amulet of magic regeneration (around neck)
Scrolls
 d - 2 scrolls of recharging
 i - a scroll of identify
Potions
 c - a potion of berserk rage
 k - a potion of haste
Comestibles
 b - a meat ration
 m - a royal jelly


   Skills:
 + Level 4.1 Fighting
 * Level 1.2 Armour
 - Level 3.0 Dodging
 - Level 2.1 Stealth
 - Level 3.2 Unarmed Combat


You had 2 spell levels left.
You didn't know any spells.

Dungeon Overview and Level Annotations

Branches:
Dungeon (2/15)

Altars:

Annotations:
D:2 Terence


Innate Abilities, Weirdness & Mutations

Your body is rotting away.
You thrive on raw meat.
You are immune to poison.
You have sharp fingernails.
You are carnivorous and can eat meat at any time.
Your flesh is cold resistant. (rC+)
You are immune to negative energy. (rN+++)
You do not regenerate when monsters are visible.
You are immune to unholy pain and torment.
You can survive without breathing.


Message History

You see here a sling bullet.
You open the door. Terence hits you with a flail.
The goblin shoots a sling bullet.
The sling bullet hits you.
* * * LOW HITPOINT WARNING * * *
There is an open door here.
You see here a sling bullet.
It was a potion of haste.
You feel yourself speed up. Terence closely misses you.
It was a potion of berserk rage.
You cannot raise a blood rage in your lifeless body.
You scratch Terence but do no damage.
Terence is moderately wounded.
Terence hits you with a flail!
* * * LOW HITPOINT WARNING * * *
You scratch Terence.
Terence is heavily wounded.
You claw Terence!
Terence is almost dead.
Terence hits you with a flail.
You die...

##......#
#......+......#........
#§§....##.....#....#...
##.............#........
#§......................
#§.......................
#§........................
#.........................
#............# #@#..@.....
#[...........###@#........
#....#..........g#........
######...........#......##
#....................g....
#..............(..........
#.........................
#.........................
#.........#...............


You could see Terence and a goblin.

Vanquished Creatures
  An adder (D:2)
  A dart slug (D:1)
  A leopard gecko (D:1)
  5 goblins
  2 hobgoblins
  3 jackals (D:1)
  A kobold (D:2)
  2 ball pythons
  2 bats (D:1)
  3 frilled lizards (D:1)
  2 rats (D:1)
23 creatures vanquished.

Notes
Turn   | Place    | Note
-------+----------+-------------------------------------------
     0 | D:1      | NoNouf the Ghoul Monk began the quest for the Orb.
     0 | D:1      | Reached XP level 1. HP: 19/19 MP: 0/0
   194 | D:1      | Reached XP level 2. HP: 26/26 MP: 1/1
   914 | D:2      | Reached skill level 1 in Armour
   914 | D:2      | Reached XP level 3. HP: 27/33 MP: 2/2
   928 | D:2      | Reached skill level 4 in Fighting
  1018 | D:2      | Noticed Terence
  1032 | D:2      | HP: 1/33 [Terence/flail (8)]
  1034 | D:2      | Slain by Terence

Skill      XL: |  1  2  3 |
---------------+----------+-----
Dodging        | 3 |  3.0
Armour         | 1 |  1.2
Fighting       | 4 |  4.1
Stealth        | |  2.1
Unarmed Combat | |  3.2

Action                   || total
-------------------------++-------
Melee: Unarmed           ||    64
       Punch             ||     2
  Use: Scroll            ||     6
       Potion            ||     2
 Stab: Sleeping          ||     1
  Eat: Chunk             ||    13
Armor: Robe              ||    14
Dodge: Dodged            ||    41
